 Dungeon Crawl Stone Soup version 0.19.0-11-g3fc08b3 (webtiles) character file.

42 Chiseanne the Magician (level 3, 19/36 HPs)
             Began as a Demonspawn Wizard on Nov 9, 2016.
             Quit the game on level 2 of the Dungeon.
             The game lasted 00:01:33 (1086 turns).

Chiseanne the Magician (Demonspawn Wizard)          Turns: 1086, Time: 00:01:33

Health: 19/36      AC: 21    Str:  7    XL:     3   Next: 35%
Magic:  1/8        EV:  2    Int: 20    God:
Gold:   86         SH:  0    Dex: 11    Spells: 1 memorised, 8 levels left

rFire  . . .     SeeInvis .     k - +0 dagger
rCold  . . .     Gourm    .     (armour currently unavailable)
rNeg   + + +     Faith    .     (no shield)
rPois  +         Spirit   .     (helmet currently unavailable)
rElec  .         Reflect  .     (cloak currently unavailable)
rCorr  .         Harm     .     (gloves currently unavailable)
MR     .....     NoTele   +     (boots currently unavailable)
Stlth  +++.......               (no amulet)
                                (no ring)
                                (no ring)

@: tree-form
A: nightstalker 1, powered by pain 1
a: no special abilities


You were on level 2 of the Dungeon.
You were not hungry.
You were a tree.
You visited 1 branch of the dungeon, and saw 2 of its levels.

You collected 86 gold pieces.

Inventory:

Hand Weapons
 k - a +0 dagger (weapon)
Missiles
 e - 66 stones (quivered)
 j - 20 sling bullets
 n - 32 arrows
 q - 27 bolts
Armour
 a - a +0 robe (melded)
 b - a +0 hat
 i - a +0 helmet (melded)
Jewellery
 f - an uncursed amulet of rage {unknown}
 m - an uncursed ring of poison resistance {unknown}
Scrolls
 h - 2 scrolls of fear {unknown}
 o - 2 scrolls of enchant weapon {unknown}
 r - a scroll of remove curse {unknown}
Potions
 g - a potion of lignification
 l - a potion of ambrosia {unknown}
 s - 2 potions of curing {unknown}
Books
 c - a book of Minor Magic

   Spells                             Type                      Level
   a - Magic Dart                     Conjuration                  1
   b - Blink                          Translocation                2
   c - Call Imp                       Summoning                    2
   d - Repel Missiles                 Charms/Air                   2
   e - Slow                           Hexes                        2
   f - Conjure Flame                  Conjuration/Fire             3
   g - Mephitic Cloud                 Conjuration/Poison/Air       3
Comestibles
 d - a bread ration
 p - a meat ration


   Skills:
 - Level 1.7 Dodging
 - Level 1.7 Stealth
 * Level 3.6 Spellcasting
 * Level 2.4 Conjurations
   Level 1.0 Summonings
   Level 0.8 Translocations


You had 8 spell levels left.
You knew the following spells:

 Your Spells              Type           Power        Failure   Level  Hunger
a - Magic Dart            Conj           ##..         6%          1    None


Dungeon Overview and Level Annotations

Branches:
Dungeon (2/15)

Altars:


Innate Abilities, Weirdness & Mutations

You are slightly more attuned to the shadows.
You sometimes gain a little power by taking damage.


Message History

You miss Natasha.
Natasha is almost dead.
Natasha claws you but does no damage. The crimson imp barely misses you.
The crimson imp completely misses you.
You closely miss Natasha.
Natasha is almost dead.
Natasha claws you.
The crimson imp laughs crazily.
The crimson imp hits you but does no damage. x2
You hit Natasha.
You kill Natasha!
Natasha yowls pathetically as she dies!
The crimson imp disappears in a puff of smoke! x2
Your Conjurations skill increases to level 2!
You have reached level 3!
Your experience leads to an increase in your attributes!
Increase (S)trength, (I)ntelligence, or (D)exterity?
You feel clever.
Your demonic ancestry asserts itself...
You slip into the darkness of the dungeon.
Are you sure you want to abandon this character and quit the game? (Confirm with "yes".)

.>........................#
.........................##
........................##
............######...#...##
.....#.....## ##.........##
.........#.# #...........#
##.##....#.# #...........#
#..####§..........#
#.....♣§........##
#....###...#...## #.##.#
######### # #h## #..#
#............#
...#..........# .
#_#.....[....
..#...........


There were no monsters in sight!

Vanquished Creatures
  Natasha (D:2)
  A giant cockroach (D:2)
  2 hobgoblins
  4 bats
  2 frilled lizards (D:2)
  3 goblins
  3 kobolds
  2 rats (D:2)
18 creatures vanquished.

Notes
Turn   | Place    | Note
-------+----------+-------------------------------------------
     0 | D:1      | Chiseanne the Demonspawn Wizard began the quest for the Orb.
     0 | D:1      | Reached XP level 1. HP: 13/13 MP: 4/4
   768 | D:2      | Gained mutation: You sometimes gain a little power by taking damage. [demonic ancestry]
   768 | D:2      | Reached XP level 2. HP: 19/19 MP: 4/6
  1062 | D:2      | Found a faded altar of an unknown god.
  1063 | D:2      | Noticed Natasha
  1076 | D:2      | Noticed a crimson imp
  1082 | D:2      | Noticed a crimson imp
  1085 | D:2      | Killed Natasha
  1085 | D:2      | Gained mutation: You are slightly more attuned to the shadows. [demonic ancestry]
  1085 | D:2      | Reached XP level 3. HP: 19/24 MP: 1/8
  1086 | D:2      | Quit the game

Skill      XL: |  1  2 |
---------------+-------+-----
Conjurations   | 2 |  2.4
Dodging        | |  1.7
Stealth        | |  1.7
Spellcasting   | |  3.6
Summonings     | |  1.0
Translocations | |  0.8

Action                   || total
-------------------------++-------
Melee: Dagger            ||     9
 Cast: Magic Dart        ||    43
  Use: Potion            ||     1
Armor: Robe              ||     2
       Skin              ||    10
Dodge: Dodged            ||     5
